TOP OF THE 1ST |
Miami Marlins batting - Pitching for New York Mets : RHP Matt McAtee
|
Pitching: RHP Matt McAtee
|
|
Batting: RHB Jeff Garofalo
|
0-0: Called Strike 0-1: Ball 1-1: Ground out 5-3 (Groundball, 56S, EV 68.1 MPH)
|
Batting: RHB Micah Christopher
|
0-0: Ball 1-0: Ball 2-0: Ball 3-0: Called Strike 3-1: Foul Ball, location: 2F 3-2: DOUBLE (Line Drive, 78D, EV 108.8 MPH)
|
Batting: LHB Andre Gorter
|
0-0: Called Strike 0-1: Ball 1-1: Foul Ball, location: 2F 1-2: Fly out, F8 (Flyball, 78S, EV 90.0 MPH)
|
Batting: RHB Jimmy Groseclose
|
0-0: Fly out, F9 (Flyball, 9, EV 91.9 MPH)
|
Top of the 1st over - 0 runs, 1 hit, 0 errors, 1 left on base; Miami 0 - New York 0 |
BOTTOM OF THE 1ST |
New York Mets batting - Pitching for Miami Marlins : LHP Dan Tapley
|
Pitching: LHP Dan Tapley
|
|
Batting: SHB Scott Scott
|
0-0: Ball 1-0: Ball 2-0: Called Strike 2-1: SINGLE (Line Drive, 78M, EV 102.5 MPH)
|
Batting: SHB Lewis Thorpe Jr.
|
0-0: Ball 1-0: Ball 2-0: Called Strike 2-1: SINGLE (Line Drive, 4D, EV 99.4 MPH) Scott Scott to second Runner from 2nd tries for 3rd, SAFE, throw by CF made to third
|
Batting: SHB Sean Cook
|
0-0: Ball 1-0: Ball 2-0: Ball 3-0: Base on Balls Lewis Thorpe Jr. to second
|
Batting: SHB Jonathan Jenkins
|
0-0: Ball 1-0: Ball 2-0: Ball 3-0: Called Strike 3-1: Foul Ball, location: 2F 3-2: Fly out, F5 (Popup, 5SF, EV 76.3 MPH)
|
Batting: SHB Javy Rosa
|
0-0: Fly out, F2 (Popup, 2LF, EV 96.3 MPH)
|
Batting: SHB Gus Berry
|
0-0: Ball 1-0: Fielders Choice at 2nd, 6-4 (Groundball, 6, EV 88.1 MPH)
|
Bottom of the 1st over - 0 runs, 2 hits, 0 errors, 3 left on base; Miami 0 - New York 0 |
TOP OF THE 2ND |
Miami Marlins batting - Pitching for New York Mets : RHP Matt McAtee
|
Batting: RHB Steve Barnard
|
0-0: Called Strike 0-1: Ball 1-1: Called Strike 1-2: Ball 2-2: Fly out, F8 (Flyball, 89XD, EV 86.9 MPH)
|
Batting: RHB Roger Salazar
|
0-0: Called Strike 0-1: Ball 1-1: Foul Ball, location: 2F 1-2: Foul Ball, location: 2F 1-2: Ground out 2-3 (Groundball, 13S, EV 71.3 MPH)
|
Batting: RHB Justin Huff
|
0-0: Ball 1-0: Ground out 5-3 (Groundball, 5, EV 83.1 MPH)
|
Top of the 2nd over - 0 runs, 0 hits, 0 errors, 0 left on base; Miami 0 - New York 0 |
BOTTOM OF THE 2ND |
New York Mets batting - Pitching for Miami Marlins : LHP Dan Tapley
|
Batting: SHB Nelle van den Berg
|
0-0: Called Strike 0-1: Swinging Strike 0-2: Ball 1-2: Ball 2-2: Foul Ball, location: 2F 2-2: Ball 3-2: Fly out, F7 (Flyball, 7D, EV 101.3 MPH)
|
Batting: RHB Melchor Sovrivilla
|
0-0: Foul Ball, location: 2F 0-1: Ball 1-1: Called Strike 1-2: Foul Ball, location: 2F 1-2: Ball 2-2: Foul Ball, location: 2F 2-2: Foul Ball, location: 2F 2-2: Fly out, F8 (Flyball, 8RM, EV 86.9 MPH)
|
Batting: SHB Harry Hoop
|
0-0: Ball 1-0: Foul Ball, location: 2F 1-1: Called Strike 1-2: Ball 2-2: DOUBLE (Line Drive, 5D, EV 98.1 MPH)
|
Batting: SHB Scott Scott
|
0-0: Ball 1-0: Called Strike 1-1: Foul Ball, location: 2F 1-2: Ball 2-2: Ball 3-2: Base on Balls
|
Batting: SHB Lewis Thorpe Jr.
|
0-0: Called Strike 0-1: Foul Ball, location: 2F 0-2: Ball 1-2: Ball 2-2: Foul Ball, location: 2F 2-2: 3-RUN HOME RUN (Flyball, 9D, EV 100.0 MPH), Distance : 395 ft
|
Batting: SHB Sean Cook
|
0-0: Ball 1-0: Called Strike 1-1: Ball 2-1: Foul Ball, location: 2F 2-2: Ball 3-2: Foul Ball, location: 2F 3-2: SOLO HOME RUN (Flyball, 9D, EV 103.8 MPH), Distance : 385 ft
|
Batting: SHB Jonathan Jenkins
|
0-0: Foul Ball, location: 2F 0-1: Ball 1-1: Ball 2-1: Foul Ball, location: 2F 2-2: Foul Ball, location: 2F 2-2: Ground out 6-3 (Groundball, 56, EV 84.4 MPH)
|
Bottom of the 2nd over - 4 runs, 3 hits, 0 errors, 0 left on base; Miami 0 - New York 4 |
TOP OF THE 3RD |
Miami Marlins batting - Pitching for New York Mets : RHP Matt McAtee
|
Batting: RHB Seth Tramontano
|
0-0: Ball 1-0: DOUBLE (Groundball, 5L, EV 102.5 MPH)
|
Batting: RHB Eric Jordan
|
0-0: Foul Ball, location: 2F 0-1: Ground out 6-3 (Groundball, 6, EV 82.5 MPH) Seth Tramontano to third
|
Batting: RHB Jeff Garofalo
|
0-0: Ball 1-0: Called Strike 1-1: Ball 2-1: Swinging Strike 2-2: Ball 3-2: Strikes out swinging
|
Batting: RHB Micah Christopher
|
0-0: Ball 1-0: Ball 2-0: Foul Ball, location: 2F 2-1: Ball 3-1: Base on Balls
|
Batting: LHB Andre Gorter
|
0-0: Swinging Strike 0-1: Ball 1-1: Called Strike 1-2: SINGLE (Groundball, 34D, EV 94.4 MPH) Seth Tramontano scores Micah Christopher to second Runner from 2nd tries for 3rd, SAFE, throw by RF made at trailing runner, OUT! 9-6
|
Top of the 3rd over - 1 run, 2 hits, 0 errors, 1 left on base; Miami 1 - New York 4 |
BOTTOM OF THE 3RD |
New York Mets batting - Pitching for Miami Marlins : LHP Dan Tapley
|
Batting: SHB Javy Rosa
|
0-0: Called Strike 0-1: SINGLE (Groundball, 4MD, EV 100.0 MPH)
|
Batting: SHB Gus Berry
|
0-0: Ball 1-0: Ball 2-0: Called Strike 2-1: Foul Ball, location: 2F 2-2: Ball 3-2: DOUBLE (Line Drive, 78D, EV 101.3 MPH) Javy Rosa to third
|
Batting: SHB Nelle van den Berg
|
0-0: Ball 1-0: Ball 2-0: Called Strike 2-1: Ball 3-1: Fly out, F9 (Flyball, 89S, EV 92.5 MPH)
|
Batting: RHB Melchor Sovrivilla
|
0-0: Called Strike 0-1: Ball 1-1: Called Strike 1-2: Strikes out swinging
|
Batting: SHB Harry Hoop
|
0-0: Ball 1-0: Called Strike 1-1: Ball 2-1: Ball 3-1: Base on Balls
|
Batting: SHB Scott Scott
|
0-0: Ball 1-0: Ball 2-0: Foul Ball, location: 2F 2-1: Foul Ball, location: 2F 2-2: Ball 3-2: Foul Ball, location: 2F 3-2: Base on Balls Javy Rosa scores Gus Berry to third Harry Hoop to second
|
Pitching: RHP Chris Nickerson
|
|
Batting: SHB Lewis Thorpe Jr.
|
0-0: Called Strike 0-1: SINGLE (Line Drive, 89S, EV 109.4 MPH) Gus Berry scores Harry Hoop to third Scott Scott to second Runner from 3rd tries for Home, SAFE, throw by RF to home
|
Batting: SHB Sean Cook
|
0-0: Foul Ball, location: 2F 0-1: Foul Ball, location: 2F 0-2: Strikes out swinging
|
Bottom of the 3rd over - 3 runs, 3 hits, 0 errors, 2 left on base; Miami 1 - New York 7 |
TOP OF THE 4TH |
Miami Marlins batting - Pitching for New York Mets : RHP Matt McAtee
|
Batting: RHB Jimmy Groseclose
|
0-0: Called Strike 0-1: Called Strike 0-2: Ball 1-2: Strikes out swinging
|
Batting: RHB Steve Barnard
|
0-0: Called Strike 0-1: Ball 1-1: Foul Ball, location: 2F 1-2: Ground out 6-3 (Groundball, 4MD, EV 85.6 MPH)
|
Batting: RHB Roger Salazar
|
0-0: Swinging Strike 0-1: Ball 1-1: Ball 2-1: Foul Ball, location: 2F 2-2: Ball 3-2: Base on Balls
|
Batting: RHB Justin Huff
|
0-0: Fly out, F8 (Flyball, 8RD, EV 88.1 MPH)
|
Top of the 4th over - 0 runs, 0 hits, 0 errors, 1 left on base; Miami 1 - New York 7 |
BOTTOM OF THE 4TH |
New York Mets batting - Pitching for Miami Marlins : RHP Chris Nickerson
|
Batting: SHB Jonathan Jenkins
|
0-0: Ball 1-0: Ball 2-0: Ball 3-0: Base on Balls
|
Batting: SHB Javy Rosa
|
0-0: Foul Ball, location: 2F 0-1: Ball 1-1: Ball 2-1: Called Strike 2-2: Ball 3-2: 2-RUN HOME RUN (Line Drive, 9D, EV 103.1 MPH), Distance : 404 ft
|
Batting: SHB Gus Berry
|
0-0: Ball 1-0: Called Strike 1-1: Foul Ball, location: 2F 1-2: Ball 2-2: Ball 3-2: Ground out U3 (Groundball, 3L, EV 110.6 MPH)
|
Batting: SHB Nelle van den Berg
|
0-0: Ball 1-0: Ball 2-0: Ball 3-0: Base on Balls
|
Batting: RHB Melchor Sovrivilla
|
0-0: Called Strike Nelle van den Berg steals 2nd base 0-1: Ball 1-1: Called Strike 1-2: Foul Ball, location: 2F 1-2: Ball 2-2: Foul Ball, location: 2F 2-2: SINGLE (Flyball, 8LS, EV 97.5 MPH) Nelle van den Berg to third Runner from 3rd tries for Home, SAFE, throw by CF to home
|
Batting: SHB Harry Hoop
|
0-0: Ball 1-0: Called Strike 1-1: TRIPLE (Line Drive, 7D, EV 112.5 MPH) Melchor Sovrivilla scores
|
Pitching: LHP Paul Cantrell
|
|
Batting: SHB Scott Scott
|
0-0: Ball 1-0: DOUBLE (Line Drive, 9LS, EV 93.8 MPH) Harry Hoop scores
|
Batting: SHB Lewis Thorpe Jr.
|
0-0: Called Strike 0-1: Ball 1-1: Foul Ball, location: 2F 1-2: Ball 2-2: SINGLE (Groundball, 6S, EV 66.3 MPH) (infield hit) Scott Scott to third
|
Batting: SHB Sean Cook
|
0-0: Ball 1-0: SINGLE (Groundball, 5S, EV 62.5 MPH) (infield hit) Scott Scott scores Lewis Thorpe Jr. to second
|
Batting: SHB Jonathan Jenkins
|
0-0: Fly out, F8 (Line Drive, 8RM, EV 93.1 MPH)
|
Batting: SHB Javy Rosa
|
0-0: Called Strike 0-1: Ball 1-1: Foul Ball, location: 2F 1-2: Strikes out swinging
|
Bottom of the 4th over - 6 runs, 6 hits, 0 errors, 2 left on base; Miami 1 - New York 13 |
TOP OF THE 5TH |
Miami Marlins batting - Pitching for New York Mets : RHP Matt McAtee
|
Batting: RHB Seth Tramontano
|
0-0: Called Strike 0-1: Fly out, F6 (Popup, 6D, EV 51.3 MPH)
|
Batting: RHB Eric Jordan
|
0-0: Foul Ball, location: 2F 0-1: Called Strike 0-2: Strikes out swinging
|
Batting: RHB Jeff Garofalo
|
0-0: Ball 1-0: Ground out U3 (Groundball, 34, EV 83.1 MPH)
|
Top of the 5th over - 0 runs, 0 hits, 0 errors, 0 left on base; Miami 1 - New York 13 |
BOTTOM OF THE 5TH |
New York Mets batting - Pitching for Miami Marlins : LHP Paul Cantrell
|
Batting: SHB Gus Berry
|
0-0: Fly out, F7 (Flyball, 7D, EV 100.0 MPH)
|
Batting: SHB Nelle van den Berg
|
0-0: Ball 1-0: Ball 2-0: Ball 3-0: Called Strike 3-1: SINGLE (Groundball, 6MD, EV 110.0 MPH)
|
Batting: RHB Melchor Sovrivilla
|
0-0: Ball 1-0: Called Strike 1-1: Ball 2-1: Ball 3-1: Foul Ball, location: 2F 3-2: Base on Balls Nelle van den Berg to second
|
Batting: SHB Harry Hoop
|
0-0: Ball 1-0: Ball 2-0: Ball 3-0: Base on Balls Nelle van den Berg to third Melchor Sovrivilla to second
|
Pitching: RHP Julio Espinel
|
|
Batting: SHB Scott Scott
|
0-0: Called Strike 0-1: Ball 1-1: Foul Ball, location: 2F 1-2: Ball 2-2: Fly out, F7 (Flyball, 7, EV 86.9 MPH) Runner from 3rd tags up, SCORES, no throw by LF
|
Batting: SHB Lewis Thorpe Jr.
|
0-0: Foul Ball, location: 2F 0-1: Ball 1-1: Ball 2-1: Ball 3-1: Base on Balls Melchor Sovrivilla to third Harry Hoop to second
|
Batting: SHB Sean Cook
|
0-0: Ball 1-0: Called Strike 1-1: Called Strike 1-2: Strikes out swinging
|
Bottom of the 5th over - 1 run, 1 hit, 0 errors, 3 left on base; Miami 1 - New York 14 |
TOP OF THE 6TH |
Miami Marlins batting - Pitching for New York Mets : RHP Matt McAtee
|
Batting: RHB Micah Christopher
|
0-0: Called Strike 0-1: Ball 1-1: Foul Ball, location: 2F 1-2: Ball 2-2: Ball 3-2: Foul Ball, location: 2F 3-2: Strikes out swinging
|
Batting: LHB Andre Gorter
|
0-0: Ball 1-0: Ball 2-0: Ball 3-0: Called Strike 3-1: Base on Balls
|
Batting: RHB Jimmy Groseclose
|
0-0: Ball Andre Gorter steals 2nd base 1-0: Ground out 4-3 (Groundball, 4, EV 94.4 MPH) Andre Gorter to third
|
Batting: RHB Steve Barnard
|
0-0: DOUBLE (Line Drive, 89D, EV 109.4 MPH) Andre Gorter scores
|
Batting: RHB Roger Salazar
|
0-0: Ball 1-0: Ball 2-0: Foul Ball, location: 2F 2-1: Ball 3-1: Ground out 3-1 (Groundball, 34S, EV 84.4 MPH)
|
Top of the 6th over - 1 run, 1 hit, 0 errors, 1 left on base; Miami 2 - New York 14 |
BOTTOM OF THE 6TH |
New York Mets batting - Pitching for Miami Marlins : RHP Julio Espinel
|
Batting: SHB Jonathan Jenkins
|
0-0: Ball 1-0: Fly out, F5 (Popup, 5F, EV 56.9 MPH)
|
Batting: SHB Javy Rosa
|
0-0: Ball 1-0: Ground out 4-3 (Groundball, 34, EV 106.9 MPH)
|
Batting: SHB Gus Berry
|
0-0: Ball 1-0: Fly out, F9 (Flyball, 89M, EV 84.4 MPH)
|
Bottom of the 6th over - 0 runs, 0 hits, 0 errors, 0 left on base; Miami 2 - New York 14 |
TOP OF THE 7TH |
Miami Marlins batting - Pitching for New York Mets : RHP Matt McAtee
|
Batting: RHB Justin Huff
|
0-0: Ball 1-0: Ball 2-0: Called Strike 2-1: Called Strike 2-2: Fly out, F9 (Line Drive, 9, EV 95.6 MPH)
|
Batting: RHB Seth Tramontano
|
0-0: Ground out 6-3 (Groundball, 6, EV 88.8 MPH)
|
Batting: RHB Eric Jordan
|
0-0: SINGLE (Groundball, 4D, EV 109.4 MPH)
|
Batting: RHB Jeff Garofalo
|
0-0: Ball 1-0: Ball 2-0: Called Strike 2-1: Ball 3-1: Called Strike 3-2: Foul Ball, location: 2F 3-2: Foul Ball, location: 2F 3-2: Fly out, F7 (Flyball, 7LM, EV 80.6 MPH)
|
Top of the 7th over - 0 runs, 1 hit, 0 errors, 1 left on base; Miami 2 - New York 14 |
BOTTOM OF THE 7TH |
New York Mets batting - Pitching for Miami Marlins : RHP Julio Espinel
|
Batting: SHB Nelle van den Berg
|
0-0: Called Strike 0-1: Ball 1-1: Called Strike 1-2: Fly out, F7 (Line Drive, 7, EV 85.0 MPH)
|
Batting: RHB Melchor Sovrivilla
|
0-0: Ball 1-0: Called Strike 1-1: Called Strike 1-2: Strikes out swinging
|
Batting: SHB Harry Hoop
|
0-0: Ball 1-0: Foul Ball, location: 2F 1-1: Ball 2-1: Called Strike 2-2: Fly out, F7 (Flyball, 7S, EV 83.8 MPH)
|
Bottom of the 7th over - 0 runs, 0 hits, 0 errors, 0 left on base; Miami 2 - New York 14 |
TOP OF THE 8TH |
Miami Marlins batting - Pitching for New York Mets : RHP Matt McAtee
|
Pitching: RHP Victor Morin
|
|
Batting: RHB Micah Christopher
|
0-0: Called Strike 0-1: Foul Ball, location: 2F 0-2: Ball 1-2: Ground out 5-3 (Groundball, 5, EV 90.0 MPH)
|
Batting: LHB Andre Gorter
|
0-0: Ball 1-0: Ball 2-0: Ball 3-0: Called Strike 3-1: Fly out, F8 (Flyball, 78D, EV 88.1 MPH)
|
Batting: RHB Jimmy Groseclose
|
0-0: Called Strike 0-1: Ball 1-1: Fly out, F9 (Line Drive, 9, EV 85.0 MPH)
|
Top of the 8th over - 0 runs, 0 hits, 0 errors, 0 left on base; Miami 2 - New York 14 |
BOTTOM OF THE 8TH |
New York Mets batting - Pitching for Miami Marlins : RHP Julio Espinel
|
Batting: SHB Scott Scott
|
0-0: Fly out, F4 (Flyball, 4D, EV 92.5 MPH)
|
Batting: SHB Lewis Thorpe Jr.
|
0-0: Ball 1-0: Foul Ball, location: 2F 1-1: Hit by Pitch
|
Batting: SHB Sean Cook
|
0-0: SINGLE (Line Drive, 5D, EV 98.8 MPH) Lewis Thorpe Jr. to second
|
Batting: SHB Jonathan Jenkins
|
0-0: Called Strike 0-1: Ball 1-1: Ball 2-1: Foul Ball, location: 2F 2-2: Foul Ball, location: 2F 2-2: Foul Ball, location: 2F 2-2: Foul Ball, location: 2F 2-2: Foul Ball, location: 2F 2-2: Ball 3-2: Base on Balls Lewis Thorpe Jr. to third Sean Cook to second
|
Pitching: RHP Jason Davis
|
|
Batting: SHB Javy Rosa
|
0-0: Ball 1-0: Ball Wild Pitch! Lewis Thorpe Jr. scores Sean Cook to third Jonathan Jenkins to second 2-0: Ball 3-0: Called Strike 3-1: Base on Balls
|
Batting: SHB Gus Berry
|
0-0: Called Strike 0-1: Ball 1-1: Foul Ball, location: 2F 1-2: Fielders Choice at 2nd, 3-6 (Groundball, 34, EV 101.9 MPH) Sean Cook scores Jonathan Jenkins to third
|
Batting: SHB Nelle van den Berg
|
0-0: Foul Ball, location: 2F 0-1: Ball 1-1: Ball 2-1: Ball 3-1: SINGLE (Line Drive, 4MD, EV 96.9 MPH) Jonathan Jenkins scores Gus Berry to second
|
Batting: RHB Melchor Sovrivilla
|
0-0: Foul Ball, location: 2F 0-1: Fly out, F4 (Popup, 34S, EV 71.3 MPH)
|
Bottom of the 8th over - 3 runs, 2 hits, 0 errors, 2 left on base; Miami 2 - New York 17 |
TOP OF THE 9TH |
Miami Marlins batting - Pitching for New York Mets : RHP Victor Morin
|
Batting: RHB Steve Barnard
|
0-0: Called Strike 0-1: Ball 1-1: SOLO HOME RUN (Flyball, 9LD, EV 93.8 MPH), Distance : 357 ft
|
Batting: RHB Roger Salazar
|
0-0: Ball 1-0: Ground out 6-3 (Groundball, 6, EV 99.4 MPH)
|
Batting: RHB Justin Huff
|
0-0: SOLO HOME RUN (Flyball, 7D, EV 93.1 MPH), Distance : 352 ft
|
Batting: RHB Seth Tramontano
|
0-0: TRIPLE (Flyball, 78XD, EV 105.6 MPH)
|
Batting: RHB Eric Jordan
|
0-0: Ball 1-0: Ball 2-0: Foul Ball, location: 2F 2-1: Fly out, F9 (Flyball, 9LM, EV 98.1 MPH) Runner from 3rd tags up, SCORES, no throw by RF
|
Batting: RHB Jeff Garofalo
|
0-0: Ball 1-0: Ball 2-0: Ball 3-0: Base on Balls
|
Batting: RHB Micah Christopher
|
0-0: Ball 1-0: Ball 2-0: Called Strike 2-1: Ball 3-1: Base on Balls Jeff Garofalo to second
|
Batting: LHB Andre Gorter
|
0-0: Called Strike 0-1: Called Strike 0-2: Ball 1-2: Ball 2-2: Foul Ball, location: 2F 2-2: Ground out 4-3 (Groundball, 4, EV 105.6 MPH)
|
Top of the 9th over - 3 runs, 3 hits, 0 errors, 2 left on base; Miami 5 - New York 17 |
|